 Dungeon Crawl Stone Soup version 0.14-a0-1444-g21dc12d (webtiles) character file.

2344 July the Thaumaturge (level 8, -10/36 HPs)
             Began as a Spriggan Enchanter on Dec 12, 2013.
             Was a Follower of Ashenzari.
             Mangled by Grum
             ... wielding a +1,+0 spear
              (15 damage)
             ... on Level 9 of the Dungeon.
             The game lasted 00:56:13 (12460 turns).

July the Thaumaturge (Spriggan Enchanter)          Turns: 12460, Time: 00:56:13

HP -10/36        AC  4     Str  6      XL: 8   Next: 99%
MP  26/29        EV 18     Int 16      God: Ashenzari [*.....]
Gold 393         SH  0     Dex 17      Spells:  4 memorised, 20 levels left

rFire  . . .     SeeInvis +     q - +5,+2 elf dagger (curse)
rCold  . . .     Clarity  .     B - +2 robe
rNeg   + . .     Conserve .     (shield restricted)
rPois  .         rCorr    +     (helmet restricted)
rElec  .         rRot     .     (no cloak)
SustAb . .       Spirit   .     (gloves unavailable)
rMut   .         Warding  .     (boots unavailable)
Saprov . . .     Stasis   .     w - cursed amulet of resist corrosion
                                x - ring of positive energy
                                n - ring of flight

@: very quick, somewhat resistant to hostile enchantments, extremely stealthy
A: unfitting armour, see invisible, herbivore 3, speed 3, slow metabolism 2
a: Renounce Religion, Evoke Flight


You were on level 9 of the Dungeon.
You worshipped Ashenzari.
Ashenzari was aware of your devotion.
You were full.

You visited 2 branches of the dungeon, and saw 11 of its levels.

You collected 393 gold pieces.

Inventory:

Hand weapons
 b - a +2,+3 short sword of freezing
 q - a cursed +5,+2 elven dagger (weapon)
Missiles
 d - 10 darts (quivered)
Armour
 B - a +2 robe (worn)
Magical devices
 u - a wand of slowing (0)
 D - a wand of flame (7) {unknown}
 K - a wand of paralysis (15) {unknown}
 M - a wand of polymorph (10) {unknown}
Comestibles
 i - 5 bread rations
Scrolls
 f - 4 scrolls of remove curse
 h - a scroll of recharging {unknown}
 k - a scroll of fog
 o - 2 scrolls of curse armour
 p - 5 scrolls of enchant weapon II
 t - a scroll of teleportation
 v - 4 scrolls of enchant weapon I
 y - a scroll of noise
 A - 2 scrolls of fear
 H - a scroll of curse weapon
 L - a scroll of identify
Jewellery
 n - a ring of flight (left hand)
 w - a cursed amulet of resist corrosion (around neck)
 x - a ring of positive energy (right hand)
 F - an uncursed amulet of stasis
 J - a +1 ring of intelligence
 N - an uncursed ring of poison resistance {unknown}
 O - the amulet "Tadioduk" {rCorr rC- Acc+2}
   (You found it on level 8 of the Dungeon)

   [amulet of resist corrosion]

   It affects your accuracy (+2).
   It makes you vulnerable to cold.
 P - an uncursed ring of wizardry
Potions
 a - a potion of agility
 e - a potion of porridge
 g - 2 potions of beneficial mutation
 j - a potion of magic
 l - 2 potions of speed
 s - 5 potions of curing
 z - a potion of brilliance
 C - 2 potions of berserk rage
Books
 c - a book of Maledictions

   Spells                             Type                      Level
   *Corona                            Hexes                        1
   Sure Blade                         Hexes/Charms                 2
   *Ensorcelled Hibernation           Hexes/Ice                    2
   *Confuse                           Hexes                        3
   Enslavement                        Hexes                        4
   Invisibility                       Hexes                        6
 m - a book of Wizardry

   Spells                             Type                      Level
   Summon Elemental                   Summoning                    4
   Agony                              Necromancy                   5
   Force Lance                        Conjuration                  5
   Fireball                           Conjuration/Fire             5
   Haste                              Charms                       6
   Invisibility                       Hexes                        6
 r - a book of Frost

   Spells                             Type                      Level
   Freeze                             Ice                          1
   Throw Frost                        Conjuration/Ice              2
   Ozocubu's Armour                   Charms/Ice                   3
   Throw Icicle                       Conjuration/Ice              4
   Summon Ice Beast                   Ice/Summoning                4
   Condensation Shield                Ice                          4
 E - a book of Cantrips

   Spells                             Type                      Level
   Confusing Touch                    Hexes                        1
   Animate Skeleton                   Necromancy                   1
   Summon Small Mammal                Summoning                    1
   *Apportation                       Translocation                1
 G - a book of Clouds

   Spells                             Type                      Level
   Mephitic Cloud                     Conjuration/Poison/Air       3
   Conjure Flame                      Conjuration/Fire             3
   Poisonous Cloud                    Conjuration/Poison/Air       6
   Freezing Cloud                     Conjuration/Ice/Air          6
   Ring of Flames                     Charms/Fire                  7
 I - a book of Power

   Spells                             Type                      Level
   Iskenderun's Mystic Blast          Conjuration                  4
   Venom Bolt                         Conjuration/Poison           5
   Bolt of Magma                      Conjuration/Fire/Earth       5
   Fulminant Prism                    Conjuration/Hexes            5
   Iron Shot                          Conjuration/Earth            6
   Orb of Destruction                 Conjuration                  7


   Skills:
 - Level 1.1 Short Blades
 - Level 1.1 Throwing
 - Level 3.0 Dodging
 - Level 10.0 Stealth
 * Level 10.3 Spellcasting
 - Level 7.3 Hexes


You had 20 spell levels left.
You knew the following spells:

 Your Spells              Type           Power        Failure   Level  Hunger
a - Apportation           Tloc           #.........   10%         1    None
c - Confuse               Hex            ####....     1%          3    None
m - Corona                Hex            ####...      1%          1    None
s - Ensorcelled Hibernat  Hex/Ice        ###...       3%          2    None


Dungeon Overview and Level Annotations

Branches:
Dungeon (10/16)            Temple (1/1) D:4
    Orc: D:9-12        Lair: D:8-11

Altars:
Ashenzari
Elyvilon
Okawaru
Trog
Vehumet
Yredelemnul

Shops:
D:5 =

Portals:
Ziggurat: D:5 (3120 gp)

Annotations:
D:9 Aargh's ghost, experienced HOGl; Grum


Innate Abilities, Weirdness & Mutations

You are tiny and cannot use many weapons and most armour.
You have supernaturally acute eyesight.
You are a herbivore.
You cover ground extremely quickly.
You need consume almost no food.


Message History

You open the wolf like a pillowcase!!!
You kill the wolf!
Your Spellcasting skill increases to level 10!
Grum growls angrily.
Grum completely misses you.
You hit Grum.
Grum is lightly wounded.
Grum closely misses you.
Casting: Ensorcelled Hibernation
Confirm with . or Enter, or press ? or * to list all spells.
Aiming: Ensorcelled Hibernation
Press: ? - help, Shift-Dir - straight line, f - wolf
Aim: a wolf The wolf looks drowsy...
Grum hits you with a spear!
* * * LOW HITPOINT WARNING * * *
The helpless wolf fails to defend itself.
You perforate the wolf like a sieve!!!
You kill the wolf!
Grum hits you with a spear!
You die...

###### #....#
#.##.# #.#..#
#.#..# #.#..#
#.#@.# .#.#g%#
..#.#..# ....
..#.#..# ..#
#.#.#?.# #.#
#.#.#..# ##.###
#.#.#..# .....#
#.#.#..#
...#.#######.#.###


You could see Grum.

Vanquished Creatures
  4 wolves (D:9)
  A sky beast (D:4)
  An orc warrior (D:7)
  A phantom (D:7)
  3 giant frogs
  A killer bee (D:9)
  A wight (D:8)
  A goliath beetle (D:8)
  4 crimson imps
  A quasit (D:7)
  A jelly (D:7)
  2 orc priests
  A giant frog skeleton (D:4)
  A hound (D:4)
  6 worker ants
  3 orc wizards
  3 scorpions
  A sky beast zombie (D:8)
  Jessica (D:3)
  A mummy (D:8)
  3 gnolls (D:5)
  11 adders
  A worm zombie (D:9)
  A giant mite (D:7)
  2 worms
  4 giant eyeballs
  4 giant geckos
  An ooze (D:4)
  10 orcs
  2 ball pythons
  13 bats
  A bat skeleton (D:4)
  8 hobgoblins
  7 jackals
  9 kobolds
  3 giant cockroaches
  6 giant newts
  5 goblins
  A jackal skeleton (D:5)
  An orc zombie (D:8)
  A quokka skeleton (D:5)
  10 rats
  A rat zombie (D:5)
143 creatures vanquished.

Notes
Turn   | Place    | Note
--------------------------------------------------------------
     0 | D:1      | July, the Spriggan Enchanter, began the quest for the Orb.
     0 | D:1      | Reached XP level 1. HP: 9/9 MP: 4/4
   305 | D:1      | Reached skill level 4 in Stealth
   395 | D:1      | Reached XP level 2. HP: 4/13 MP: 7/7
  1278 | D:2      | Reached skill level 5 in Stealth
  1656 | D:2      | Reached XP level 3. HP: 7/16 MP: 9/9
  2481 | D:3      | Reached skill level 6 in Stealth
  3195 | D:3      | Noticed Jessica
  3320 | D:4      | Reached XP level 4. HP: 21/21 MP: 12/12
  3410 | D:4      | Noticed a sky beast
  3739 | D:4      | Reached skill level 7 in Stealth
  3984 | D:4      | Reached skill level 8 in Stealth
  4045 | D:4      | Found a staircase to the Ecumenical Temple.
  4090 | Temple   | Entered the Ecumenical Temple
  4096 | Temple   | Became a worshipper of Ashenzari the Shackled
  4375 | D:4      | Reached XP level 5. HP: 19/24 MP: 16/16
  4600 | D:4      | Learned a level 2 spell: Ensorcelled Hibernation
  4842 | D:3      | Killed Jessica
  5587 | D:5      | Entered Level 5 of the Dungeon
  5799 | D:4      | Reached skill level 5 in Spellcasting
  5846 | D:4      | Reached XP level 6. HP: 26/28 MP: 21/21
  7125 | D:5      | Found Rogeiva's Jewellery Boutique.
  7412 | D:5      | Reached skill level 5 in Hexes
  7501 | D:5      | Learned a level 1 spell: Apportation
  7508 | D:5      | Found a gateway to a ziggurat.
  7609 | D:5      | Reached XP level 7. HP: 32/32 MP: 23/23
  7873 | D:4      | Killed a sky beast
  8946 | D:7      | Reached skill level 9 in Stealth
  9264 | D:7      | Paralysed by a giant eyeball for 4 turns
  9275 | D:7      | Paralysed by a giant eyeball for 2 turns
  9907 | D:7      | HP: 1/32 [ice beast (9)]
 10136 | D:6      | Paralysed by a giant eyeball for 3 turns
 10322 | D:7      | Reached skill level 10 in Stealth
 10322 | D:7      | Reached XP level 8. HP: 34/36 MP: 22/25
 10327 | D:7      | Learned a level 3 spell: Confuse
 10682 | D:8      | Got an uncursed vibrating copper amulet
 11699 | D:8      | Identified the amulet "Tadioduk" {rCorr rC- Acc+2} (You found it on level 8 of the Dungeon)
 12084 | D:9      | Noticed Aargh's ghost (experienced HOGl)
 12096 | D:10     | Entered Level 10 of the Dungeon
 12450 | D:9      | Noticed Grum
 12456 | D:9      | Reached skill level 10 in Spellcasting
 12460 | D:9      | Mangled by Grum

Action                   |  1- 3 |  4- 6 |  7- 9 || total
-------------------------+-------+-------+-------++-------
Melee: Dagger            |   167 |   176 |   213 ||   556
Throw: Dart              |    12 |     3 |    54 ||    69
 Cast: Ensorcelled Hiber |       |     6 |    24 ||    30
  Use: Scroll            |     3 |     5 |    11 ||    19
       Potion            |     2 |       |       ||     2
 Stab: Sleeping          |    10 |    18 |    43 ||    71
       Distracted        |     2 |       |     6 ||     8
